AoeStats
← Rodrigo Lao Tse

Arabia

508437115Analyzed
1v1 RM · 10d ago on Sep 22, 2026· 41m 31s· 2 players
Game mode
Random Map
Map size
Tiny (2 player)
Population
200
Speed
Normal
Resources
Standard
Victory
Conquest
Starting age
Dark Age
Ending age
Imperial Age
RankedLock teamsTeams togetherTeam positionsShared explorationLock speedFull tech treeHidden civsTurbo modeCheats
Victory
Defeat
🇦🇷 Khmer · Argentina
869
+18
🇨🇱 Maya · Chile
914
-27
LyM.leantorras
6:45 Loom
9:35 Feudal Age
10:37 Double-Bit Axe
10:38 Horse Collar
15:52 Forging
16:23 Town Watch
24:13 Castle Age
22:59 Gold Mining
23:58 Scale Barding Armor
24:54 Light Cavalry
25:50 Bow Saw
25:46 Heavy Plow
27:04 Iron Casting
39:25 Imperial Age
Rodrigo Lao Tse
0:26 Loom
9:41 Feudal Age
18:02 Fletching
32:17 Castle Age
31:58 Stone Mining
32:26 Double-Bit Axe
32:53 Pikeman
37:36 Scale Mail Armor
39:26 Gold Mining
Connection lost

Rejoining the realm…

Still unreachable

The connection could not be restored.

Session expired

The server has moved on; the page needs a fresh start.